 Dungeon Crawl Stone Soup version 0.18.1-50-g88ac8fd (webtiles) character file.

41870 Gianozzolo the Grappler (level 14, -8/127 HPs)
             Began as a Naga Transmuter on Nov 10, 2017.
             Was the Champion of Cheibriados.
             Mangled by a death yak (18 damage)
             ... on level 6 of the Lair of Beasts.
             The game lasted 00:50:10 (15765 turns).

Gianozzolo the Grappler (Naga Transmuter)          Turns: 15765, Time: 00:50:11

Health: -8/127     AC: 14    Str: 28    XL:     14   Next: 17%
Magic:  15/22      EV: 21    Int: 36    God:    Cheibriados [******]
Gold:   1154       SH:  5    Dex: 26    Spells: 4 memorised, 10 levels left

rFire  . . .     SeeInvis +       - Unarmed
rCold  . . .     Gourm    .     B - +3 leather armour {rPois}
rNeg   . . .     Faith    .     (shield currently unavailable)
rPois  +         Spirit   .     H - +3 crown of Dyrovepreva {rElec Int+2 SInv}
rElec  +         Dismiss  .     I - +0 cloak
rCorr  .         Reflect  +     (gloves currently unavailable)
SustAt .         Harm     .     (no barding)
MR     +....                    t - +5 amulet of reflection
Stlth  ++........               G - +3 ring of evasion
                                q - +3 ring of evasion

@: blade hands, very slow, somewhat resistant to hostile enchantments,
unstealthy
A: see invisible, deformed body, poison resistance, slowness 2, slow metabolism
1, spit poison 2, constrict 1, AC +4
a: Spit Poison, End Transformation, Bend Time, Temporal Distortion, Slouch, Step
From Time, Renounce Religion


You were on level 6 of the Lair of Beasts.
You worshipped Cheibriados.
Cheibriados was exalted by your worship.
You were hungry.
You had blades for hands.
You visited 3 branches of the dungeon, and saw 18 of its levels.
You also visited: Ossuary.

You collected 1202 gold pieces.
You spent 48 gold pieces at shops.

Inventory:

Armour
 B - a +3 leather armour of poison resistance (worn)
 H - the +3 crown of Dyrovepreva (worn) {rElec Int+2 SInv}
   (You found it on level 10 of the Dungeon)

   It affects your intelligence (+2).
   It insulates you from electricity.
   It lets you see invisible.
 I - a +0 cloak (worn)
Jewellery
 q - a +3 ring of evasion (left scythe-like blade)
 t - a +5 amulet of reflection (around neck)
 x - a +2 ring of dexterity
 G - a +3 ring of evasion (right scythe-like blade)
Wands
 v - a wand of iceblast (15/15)
 C - a wand of lightning (7/15)
 E - a wand of digging (7/24)
 O - a wand of polymorph (13/24)
Scrolls
 c - 3 scrolls of magic mapping
 h - 4 scrolls of remove curse
 m - 3 scrolls of recharging
 n - a scroll of blinking
 p - 2 scrolls of teleportation
 w - 3 scrolls of fear
 y - 4 scrolls of enchant armour
 z - 5 scrolls of enchant weapon
 M - a scroll of fog {unknown}
 N - a scroll of torment {unknown}
 Q - 2 scrolls of amnesia {unknown}
Potions
 b - a potion of invisibility
 e - 2 potions of might
 f - 3 potions of heal wounds
 g - 6 potions of haste
 i - 3 potions of magic
 l - 2 potions of flight
 o - 5 potions of agility
 r - 2 potions of resistance
 u - 3 potions of ambrosia
 J - 3 potions of cancellation
 K - 4 potions of brilliance
 L - 5 potions of curing
Books
 A - a book of Death

   Spells                             Type                      Level
   a - Corpse Rot                     Necromancy                   2
   b - Sublimation of Blood           Necromancy                   2
   c - Agony                          Necromancy                   5
   d - Dispel Undead                  Necromancy                   5
   e - Excruciating Wounds            Charms/Necromancy            5
   f - Bolt of Draining               Conjuration/Necromancy       5
 D - a book of Ice

   Spells                             Type                      Level
   a - Ice Form                       Ice/Transmutation            4
   b - Metabolic Englaciation         Hexes/Ice                    5
   c - Ozocubu's Refrigeration        Ice                          6
   d - Bolt of Cold                   Conjuration/Ice              6
   e - Freezing Cloud                 Conjuration/Ice/Air          6
   f - Simulacrum                     Ice/Necromancy               6
Comestibles
 a - 2 slices of pizza
 d - 6 bread rations
 j - 7 beef jerkies
 k - 6 meat rations
 s - 15 fruits


   Skills:
 + Level 8.8 Fighting
 - Level 6.0 Armour
 - Level 6.0 Dodging
 * Level 13.8 Unarmed Combat
 - Level 5.0 Spellcasting
 - Level 10.0 Transmutations
 - Level 3.1 Poison Magic
 - Level 11.0 Invocations


You had 10 spell levels left.
You knew the following spells:

 Your Spells              Type           Power        Failure   Level  Hunger
a - Beastly Appendage     Trmt           ######       8%          1    None
b - Spider Form           Trmt/Pois      ######....   14%         3    None
c - Blade Hands           Trmt           ######....   21%         5    #####..
d - Ice Form              Ice/Trmt       #####...     41%         4    ###....


Dungeon Overview and Level Annotations

Branches:
Dungeon (11/15)            Temple (1/1) D:6            Lair (6/8) D:11
  Swamp (0/4) Lair:5
  Snake: Lair:3-6    Spider: Lair:3-6     Slime: Lair:6-8       Orc: D:9-12

Altars:
Ashenzari
Cheibriados
Dithmenos
Elyvilon
Fedhas
Gozag
Kikubaaqudgha
Makhleb
Okawaru
Pakellas
Qazlal
Ru
Sif Muna
Trog
Vehumet
Yredelemnul
Zin
The Shining One

Shops:
D:5 *   D:10 %

Annotations:
D:7 magog001's ghost, novice TeFi
D:11 1 runed door
Lair:3 exclusion: oklob plant


Innate Abilities, Weirdness & Mutations

You cannot wear boots.
Your serpentine skin is tough (AC +4).
You have supernaturally acute eyesight.
Armour fits poorly on your strangely shaped body.
Your system is resistant to poisons.
You cover ground very slowly.
You have a slow metabolism.
You can spit poison.
You can use your snake-like lower body to constrict enemies.


Message History

The death yak is heavily wounded.
The death yak gores you!! x2
* * * LOW HITPOINT WARNING * * *
Something gores the bush but does no damage.
You block the death yak's attack.
Something gores the bush!
You block the death yak's attack.
Something gores the bush but does no damage.
You slice the death yak!!
The death yak is heavily wounded.
You shred the death yak!!!
You kill the death yak!
Cheibriados appreciates the change of pace.
You slash the death yak!
The death yak is heavily wounded.
The death yak gores you!
* * * LOW HITPOINT WARNING * * *
You slice the death yak!!
The death yak is almost dead.
The death yak gores you!!
You die... ............##.## ##..## ........
PP.

## ####.### ##..#.. ##
#......# ### #P.....##
##....#.### ##........#
###........####
..#####....P......PP##
.......#@.##..#....PP#
......PY########P..P.###
........# #PP.P.#.#
......... ##PP....##
.......... ###......
........... ###....
............ #..#.
..<....>....# ##.##
..........#.# ####


You could see a death yak.

Vanquished Creatures
  Fannar (Lair:1)
  2 hydras
  Erica (D:9)
  11 death yaks
  An unseen horror (D:11)
  2 hill giants (D:11)
  Pikel (D:6)
  15 elephants (Lair:1)
  10 komodo dragons
  8 spiny frogs
  A rime drake (Lair:4)
  The ghost of Gianozzolo the Gusty, a novice HEAE (D:5)
  A boulder beetle (Lair:6)
  11 blink frogs
  A wyvern (D:9)
  2 basilisks
  Grum (D:10)
  26 yaks
  3 hippogriffs (Lair:4)
  4 hungry ghosts
  A mottled dragon (D:11)
  16 water moccasins
  Duvessa (D:4)
  12 porcupines
  2 ice beasts
  A slave (D:6)
  A black bear (D:6)
  2 phantoms (D:4)
  3 orc warriors
  3 sky beasts
  A necrophage (D:5)
  11 ogres
  A wasp (D:8)
  13 wolves
  3 centaurs
  2 big kobolds
  10 crocodiles
  3 elf zombies (D:8)
  2 gnoll sergeants
  10 giant frogs
  2 elf skeletons (D:8)
  Dowan (D:4)
  3 scorpions
  7 killer bees
  7 wights
  6 howler monkeys
  3 bog bodies (Ossuary)
  10 crimson imps
  5 centaur zombies
  A quasit (D:7)
  A giant frog zombie (D:8)
  5 jellies
  6 orc priests
  8 hounds
  A giant frog skeleton (D:9)
  12 iguanas
  12 orc wizards
  3 human skeletons (D:8)
  9 worker ants
  A killer bee zombie (Ossuary)
  8 sheep
  2 hound zombies (Ossuary)
  A hound skeleton (D:11)
  7 mummies (Ossuary)
  A howler monkey zombie (D:5)
  5 worker ant zombies
  9 gnolls
  10 adders
  20 river rats
  4 shadow imps
  2 oozes
  4 adder zombies (Ossuary)
  An adder skeleton (D:4)
  3 worms
  A dart slug (D:4)
  8 giant geckos
  26 orcs
  4 bats
  6 giant cockroaches
  4 goblins
  7 hobgoblins
  7 jackals (D:7)
  18 kobolds
  6 quokkas
  4 ball pythons
  A giant gecko zombie (Ossuary)
  8 giant newts
  A jackal skeleton (D:7)
  A jackal zombie (Ossuary)
  2 orc skeletons (D:8)
  An orc zombie (D:8)
  2 quokka skeletons
  A quokka zombie (Ossuary)
  9 rats
  2 fungi (Lair:4)
500 creatures vanquished.

Vanquished Creatures (others)
  A giant frog (D:6)
  2 slaves (D:6)
  A crimson imp (D:6)
  An adder zombie (D:5)
  3 fungi
  3 plants
11 creatures vanquished.

Grand Total: 511 creatures vanquished

Notes
Turn   | Place    | Note
--------------------------------------------------------------
     0 | D:1      | Gianozzolo the Naga Transmuter began the quest for the Orb.
     0 | D:1      | Reached XP level 1. HP: 18/18 MP: 3/3
    97 | D:1      | Reached XP level 2. HP: 22/25 MP: 3/5
   672 | D:1      | HP: 1/25 [worm (11)]
  1016 | D:2      | Reached XP level 3. HP: 25/31 MP: 6/6
  1021 | D:2      | Learned a level 3 spell: Spider Form
  1438 | D:2      | Found a deep blue altar of Sif Muna.
  1450 | D:2      | Reached skill level 1 in Poison Magic
  1468 | D:2      | Reached XP level 4. HP: 35/38 MP: 0/7
  1801 | D:3      | Found an oddly glowing altar of Pakellas.
  2352 | D:4      | Reached XP level 5. HP: 37/44 MP: 8/8
  2510 | D:4      | Reached skill level 4 in Unarmed Combat
  2919 | D:4      | Noticed Duvessa
  2920 | D:4      | Noticed Dowan
  2941 | D:4      | Killed Duvessa
  2941 | D:4      | Reached skill level 5 in Transmutations
  2941 | D:4      | Reached XP level 6. HP: 19/51 MP: 9/9
  2950 | D:4      | Killed Dowan
  2982 | D:4      | Found a shattered altar of Ashenzari.
  3099 | D:4      | Noticed a phantom
  3114 | D:4      | Learned a level 5 spell: Blade Hands
  3172 | D:4      | Killed a phantom
  3231 | D:5      | Entered Level 5 of the Dungeon
  3231 | D:5      | Noticed an ice beast
  3342 | D:4      | HP: 1/51 [ice beast (13)]
  3343 | D:4      | Killed an ice beast
  3343 | D:4      | Reached XP level 7. HP: 1/57 MP: 10/10
  4584 | D:5      | Found Fiptean's General Store.
  4645 | D:4      | Reached XP level 8. HP: 13/64 MP: 12/12
  5088 | D:5      | Bought a potion of might for 48 gold pieces
  5224 | D:5      | Noticed Gianozzolo's ghost (novice HEAE)
  5268 | D:5      | Killed Gianozzolo's ghost
  5280 | D:5      | Reached skill level 10 in Transmutations
  5546 | D:6      | Reached XP level 9. HP: 62/70 MP: 7/13
  5610 | D:6      | Reached skill level 5 in Unarmed Combat
  5729 | D:6      | Found a glowing silver altar of Zin.
  5819 | D:6      | Noticed Pikel
  5850 | D:6      | Killed Pikel
  5850 | D:6      | Reached skill level 6 in Unarmed Combat
  6157 | D:6      | Found a staircase to the Ecumenical Temple.
  6162 | Temple   | Entered the Ecumenical Temple
  6188 | Temple   | Became a worshipper of Cheibriados the Contemplative
  6291 | D:6      | Found a bloodstained altar of Trog.
  6305 | D:6      | Reached skill level 7 in Unarmed Combat
  6399 | D:6      | Learned a level 4 spell: Ice Form
  6558 | D:7      | Reached * piety under Cheibriados
  6629 | D:7      | Reached skill level 8 in Unarmed Combat
  6629 | D:7      | Reached XP level 10. HP: 83/87 MP: 10/14
  6647 | D:7      | Reached skill level 5 in Fighting
  6833 | D:7      | Noticed magog001's ghost (novice TeFi)
  6968 | D:7      | Found a stormy altar of Qazlal.
  7094 | D:8      | Reached ** piety under Cheibriados
  7232 | D:8      | Reached skill level 9 in Unarmed Combat
  7257 | D:8      | Found a sand-covered staircase.
  7262 | Ossuary  | Entered an ossuary
  7510 | Ossuary  | Reached *** piety under Cheibriados
  8325 | D:8      | Found an opulent altar of Gozag.
  8329 | D:8      | Found a sacrificial altar of Ru.
  8527 | D:8      | Reached **** piety under Cheibriados
  8643 | D:8      | Found a radiant altar of Vehumet.
  8678 | D:8      | Reached skill level 10 in Unarmed Combat
  8704 | D:8      | Found a blossoming altar of Fedhas.
  9041 | D:9      | Reached ***** piety under Cheibriados
  9505 | D:9      | Noticed Erica
  9517 | D:9      | Killed Erica
  9517 | D:9      | Reached skill level 11 in Unarmed Combat
  9517 | D:9      | Reached XP level 11. HP: 91/100 MP: 10/15
  9655 | D:9      | Found a bloodstained altar of Trog.
  9861 | D:10     | Entered Level 10 of the Dungeon
  9953 | D:10     | Reached skill level 12 in Unarmed Combat
  9974 | D:10     | Noticed an unseen horror
 10134 | D:10     | Reached skill level 1 in Invocations
 10164 | D:10     | Found Hasatuud's Food Shoppe.
 10227 | D:10     | Noticed Grum
 10233 | D:10     | Killed Grum
 10263 | D:10     | Found Ulixik's Food Shop.
 10583 | D:11     | Noticed a hill giant
 10591 | D:11     | Killed a hill giant
 10750 | D:11     | Found a basalt altar of Yredelemnul.
 10783 | D:11     | Found a white marble altar of Elyvilon.
 10783 | D:11     | Noticed an angel
 10784 | D:11     | Found a runed door.
 10839 | D:11     | Noticed an unseen horror
 10843 | D:11     | Killed an unseen horror
 11076 | D:11     | Noticed a hill giant
 11082 | D:11     | Killed a hill giant
 11082 | D:11     | Reached skill level 5 in Invocations
 11110 | D:11     | Found a staircase to the Lair.
 11146 | Lair:1   | Entered Level 1 of the Lair of Beasts
 11155 | Lair:1   | Reached ****** piety under Cheibriados
 11255 | Lair:1   | Reached skill level 5 in Dodging
 11255 | Lair:1   | Reached XP level 12. HP: 108/109 MP: 16/16
 11308 | Lair:1   | Noticed Fannar
 11316 | Lair:1   | Killed Fannar
 11525 | Lair:1   | Reached skill level 1 in Armour
 12569 | Lair:2   | Gained mutation: You can use your snake-like lower body to constrict enemies. [Naga growth]
 12569 | Lair:2   | Reached XP level 13. HP: 115/115 MP: 14/20
 12572 | Lair:2   | Reached skill level 5 in Armour
 12572 | Lair:2   | Reached skill level 10 in Invocations
 13017 | Lair:3   | Found a sacrificial altar of Ru.
 15080 | Lair:5   | Reached skill level 13 in Unarmed Combat
 15122 | Lair:5   | Found a staircase to the Swamp.
 15431 | Lair:5   | Reached skill level 5 in Spellcasting
 15605 | Lair:5   | Reached XP level 14. HP: 106/126 MP: 22/22
 15765 | Lair:6   | Mangled by a death yak

Skill      XL: |  1  2  3  4  5  6  7  8  9 10 11 12 13 |
---------------+----------------------------------------+-----
Transmutations | 3 5 6 7 10 | 10.0
Poison Magic   | 1 2 3 |  3.1
Unarmed Combat | 4 8 11 12 13 | 13.8
Spellcasting   | 3 5 |  5.0
Fighting       | 4 7 8 |  8.8
Invocations    | 6 9 11 | 11.0
Dodging        | 5 6 |  6.0
Armour         | 4 6 |  6.0

Action                   |  1- 3 |  4- 6 |  7- 9 | 10-12 | 13-15 || total
-------------------------+-------+-------+-------+-------+-------++-------
Melee: Unarmed           |   119 |   163 |   372 |   672 |   307 ||  1633
       Headbutt          |    19 |     8 |    21 |    61 |       ||   109
       Punch             |     1 |     2 |       |    47 |    31 ||    81
       Constrict         |       |       |       |       |    63 ||    63
 Cast: Beastly Appendage |    27 |    18 |    22 |    40 |       ||   107
       Spider Form       |     1 |     8 |     9 |     1 |       ||    19
       Blade Hands       |       |       |    14 |    40 |    11 ||    65
       Ice Form          |       |       |       |       |     2 ||     2
Invok: Bend Time         |       |       |     1 |       |       ||     1
       Slouch            |       |       |       |     1 |     2 ||     3
       Step From Time    |       |       |       |       |     1 ||     1
 Abil: Spit Poison       |     6 |    10 |    15 |    22 |       ||    53
  Use: Scroll            |       |       |     9 |    13 |     2 ||    24
       Potion            |       |       |     2 |       |       ||     2
 Stab: Sleeping          |       |     2 |     1 |     1 |     2 ||     6
       Distracted        |       |       |       |     1 |       ||     1
  Eat: Chunk             |     2 |     7 |    19 |    26 |    11 ||    65
       Pizza             |       |       |     1 |       |       ||     1
       Fruit             |       |       |       |     3 |     1 ||     4
Armor: Robe              |    37 |    26 |       |       |       ||    63
       Skin              |       |     2 |    17 |       |     1 ||    20
       Leather armour    |       |     1 |   117 |   175 |    55 ||   348
Dodge: Dodged            |    58 |   108 |   229 |   548 |   296 ||  1239
Block: Other             |       |       |       |       |    47 ||    47
